 Dungeon Crawl Stone Soup version 0.27-a0-695-gb4952372f7 (webtiles) character file.

Game seed: 3071358780937663607

138053 HoaS the Black Belt (level 16, -17/144 HPs)
             Began as a Demigod Gladiator on Mar 21, 2021.
             Killed from afar by Nikola (20 damage)
             ... with a chain lightning
             ... on level 3 of the Swamp.
             The game lasted 01:20:22 (30311 turns).

HoaS the Black Belt (Demigod Gladiator)            Turns: 30311, Time: 01:20:23

Health: -17/144    AC: 29    Str: 23    XL:     16   Next: 20%
Magic:  19/19      EV: 22    Int: 10    God:
Gold:   2853       SH:  0    Dex: 27    Spells: 15/15 levels left

rFire    . . .     SeeInvis .     - Unarmed
rCold    . . .     Faith    .   (no shield)
rNeg     . . .     Spirit   .   h - +5 scale mail
rPois    +         Reflect  .   b - +2 helmet
rElec    .         Harm     .   A - +2 cloak
rCorr    .         Rampage  .   x - +2 pair of gloves
Will     +....                  e - +2 pair of boots
Stlth    +.........             B - amulet of regeneration
HPRegen  1.34/turn              k - ring of poison resistance
MPRegen  0.16/turn              (no ring)

@: hasted, studying 3 skills, very quick
A: high mp 1, forlorn
a: no special abilities


You were on level 3 of the Swamp.
You visited 4 branches of the dungeon, and saw 26 of its levels.
You also visited: Ossuary and Bailey.

You collected 4812 gold pieces.
You spent 1959 gold pieces at shops.

Inventory:

Missiles
 l - 27 boomerangs
 m - 31 javelins
 p - 89 poisoned darts
 z - 25 curare-tipped darts
Armour
 b - a +2 helmet (worn)
 e - a +2 pair of boots (worn)
 h - a +5 scale mail (worn)
 x - a +2 pair of gloves (worn)
 A - a +2 cloak (worn)
Jewellery
 k - a ring of poison resistance (right hand)
 B - an amulet of regeneration (around neck)
Wands
 a - a wand of mindburst (15)
 q - a wand of flame (12)
 y - a wand of iceblast (28)
 E - a wand of random effects (33)
 F - a wand of polymorph (8)
 H - a wand of digging (12)
 M - a wand of paralysis (6)
 O - a wand of acid (6) (quivered)
Scrolls
 c - a scroll of magic mapping
 o - a scroll of silence
 s - 11 scrolls of identify
 w - a scroll of holy word
 D - 5 scrolls of fog
 G - 2 scrolls of blinking
 K - a scroll of summoning
 N - a scroll of fear
Potions
 f - 7 potions of lignification
 g - 2 potions of mutation
 i - 4 potions of ambrosia
 j - 7 potions of attraction
 n - 4 potions of might
 r - 9 potions of curing
 t - 13 potions of flight
 u - a potion of berserk rage
 v - 4 potions of haste
 C - 2 potions of cancellation
 J - 2 potions of invisibility
 L - a potion of resistance
Miscellaneous
 I - a lightning rod (4/4)


   Skills:
 + Level 13.4 Fighting
 - Level 1.7 Throwing
 + Level 13.4 Armour
 * Level 13.5 Dodging
 + Level 18.0 Unarmed Combat


You had 15 spell levels left.
You didn't know any spells.
Your spell library contained the following spells:

 Spells                   Type           Power      Damage    Failure   Level
 Animate Skeleton         Necr           0%         N/A       58%         1
 Apportation              Tloc           0%         N/A       58%         1
 Beastly Appendage        Tmut           0%         N/A       58%         1
 Corona                   Hex            0%         N/A       58%         1
 Magic Dart               Conj           0%         1d3       58%         1
 Sandblast                Erth           0%         2d4       58%         1
 Shock                    Conj/Air       0%         1d3       58%         1
 Summon Small Mammal      Summ           0%         N/A       58%         1
 Blink                    Tloc           N/A        N/A       75%         2
 Call Imp                 Summ           0%         N/A       75%         2
 Passwall                 Tmut/Erth      0%         N/A       75%         2
 Slow                     Hex            0%         N/A       75%         2
 Swiftness                Air            0%         N/A       75%         2
 Wereblood                Tmut           0%         N/A       75%         2
 Call Canine Familiar     Summ           0%         N/A       92%         3
 Confusing Touch          Hex            0%         N/A       92%         3
 Conjure Flame            Conj/Fire      0%         6-21      92%         3
 Gell's Gravitas          Tloc           0%         N/A       92%         3
 Mephitic Cloud           Conj/Pois/Air  0%         N/A       92%         3
 Spider Form              Tmut/Pois      0%         N/A       92%         3
 Static Discharge         Conj/Air       0%         N/A       92%         3
 Stone Arrow              Conj/Erth      0%         3d7       92%         3
 Summon Guardian Golem    Hex/Summ       0%         N/A       92%         3
 Airstrike                Air            0%         N/A       100%        4
 Animate Dead             Necr           0%         N/A       100%        4
 Ice Form                 Ice/Tmut       0%         N/A       100%        4
 Petrify                  Tmut/Erth      0%         N/A       100%        4
 Summon Ice Beast         Ice/Summ       0%         N/A       100%        4
 Summon Lightning Spire   Summ/Air       0%         N/A       100%        4
 Blade Hands              Tmut           0%         N/A       100%        5
 Bolt of Magma            Conj/Fire/Erth 0%         4d4       100%        5
 Borgnjor's Vile Clutch   Necr/Erth      0%         N/A       100%        5
 Irradiate                Conj/Tmut      0%         3d13      100%        5
 Iskenderun's Battlesphe  Conj           0%         2d6       100%        5
 Lee's Rapid Deconstruct  Erth           0%         3d5*      100%        5
 Lightning Bolt           Conj/Air       0%         1d11      100%        5
 Metabolic Englaciation   Hex/Ice        0%         N/A       100%        5
 Yara's Violent Unravell  Hex/Tmut       0%         3d3       100%        5
 Death Channel            Necr           0%         N/A       100%        6
 Iron Shot                Conj/Erth      0%         9d1       100%        6
 Simulacrum               Ice/Necr       0%         N/A       100%        6
 Statue Form              Tmut/Erth      0%         N/A       100%        6
 Orb of Destruction       Conj           0%         N/A       100%        7
 Spellforged Servitor     Conj/Summ      0%         N/A       100%        7


Dungeon Overview and Level Annotations

Branches:
Dungeon (15/15)            Temple (0/1) D:4            Lair (6/6) D:11
  Swamp (3/4) Lair:2        Snake (0/4) Lair:3        Slime (0/5) Lair:5
    Orc (2/2) D:11            Elf (0/3) Orc:2        Vaults (0/5) D:14
 Depths (0/5) D:15        Ossuary (visited)          Bailey (visited)

Shops:
D:1 *   D:13 !   Orc:1 (   Orc:2 *(*:

Portals:
Trove: D:15 (give 17 potions of curing)

Annotations:
Lair:5 exclusion: oklob plant
Swamp:1 1 runed translucent door, Tassujicw's ghost, adept GrBe
Swamp:3 Nikola


Innate Abilities, Weirdness & Mutations

Your attributes grow dramatically as you level up.
You have an increased reservoir of magic. (+10% MP)
You shall have no god before yourself.


Message History

The lightning arc hits you.
The lightning arc hits Nikola.
The lightning arc hits you!!
The lightning arc hits Nikola!
The lightning arc hits you.
The lightning arc hits Nikola.
The lightning arc hits you!!
Blink to where?
Press: ? - help, Dir - move target
As you read the scroll of blinking, it crumbles to dust.
You enter the shallow water.
Moving in this stuff is going to be slow.
You enter the shallow water.
Moving in this stuff is going to be slow.
You see here a goliath frog skeleton.
You enter the shallow water.
Moving in this stuff is going to be slow.
You enter the shallow water.
Moving in this stuff is going to be slow.
Nikola casts a spell.
You hear a mighty clap of thunder!
The lightning arc hits you!!
The lightning arc hits Nikola.
The lightning arc hits you!!
The lightning arc hits Nikola!
The lightning arc hits you!
* * * LOW HITPOINT WARNING * * *
The lightning arc hits Nikola.
Nikola gestures wildly while chanting.
Nikola blinks!
Nikola barely misses you.
Nikola splashes around in the water.
Nikola completely misses you.
Nikola hits you with a +4 rapier of electrocution.
You are electrocuted!!
* * * LOW HITPOINT WARNING * * *
There is a stone staircase leading up, spattered with blood here.
You feel much better.
You feel yourself speed up.
Nikola casts a spell.
You hear a mighty clap of thunder!
The lightning arc hits you!!
* * * LOW HITPOINT WARNING * * *
The lightning arc hits Nikola.
The lightning arc hits you!!
You die...

♣♣♣♣♣...≈≈...♣
♣≈.≈≈≈≈≈≈..≈≈≈≈≈≈. ♣≈.≈≈≈≈≈≈.♣
♣♣≈≈≈.≈≈≈≈..≈≈≈≈≈§ ♣♣.≈≈≈≈§≈≈.♣
♣..≈≈≈≈≈≈.≈♣≈≈≈≈≈≈ ♣♣.≈≈≈≈≈≈≈≈♣♣
♣..≈≈≈≈§≈≈≈.≈≈≈≈≈(
♣≈!≈≈≈≈≈≈...♣♣♣♣.≈≈..≈≈...≈≈§≈.≈
♣.≈≈≈≈≈≈≈≈§.≈♣♣♣.....≈≈.........
♣.≈≈≈≈≈≈≈≈≈≈†.......≈≈≈≈..<.♣♣..
♣♣♣♣≈♣♣♣♣♣♣≈≈≈§....≈≈≈≈≈.§≈.≈♣.≈
♣♣..≈.♣≈♣♣
♣.≈≈@@..≈≈≈≈≈≈.≈≈≈.≈..
♣≈≈≈.♣♣♣≈♣
♣<..♣≈≈.......≈≈≈≈≈.♣♣
♣♣..≈≈÷.§♣♣♣♣≈≈♣♣..♣≈≈♣♣.≈≈≈≈≈≈♣
♣♣♣♣...§.♣♣♣♣♣♣♣≈≈.≈♣♣♣.≈≈≈..♣♣
♣♣♣.≈≈≈♣ ♣§...≈≈≈.≈≈≈≈≈♣♣
♣.§≈.♣♣♣ ♣≈..≈§.♣♣≈≈≈.♣♣
♣...≈≈.♣ ♣≈≈≈≈.♣♣♣♣♣♣≈♣
♣♣..≈...♣ ♣≈≈≈≈≈♣ ♣♣♣ ♣
♣.§..≈.♣♣ ♣♣.≈≈>♣ ♣


You could see Nikola.

Vanquished Creatures
  Frances (D:14)
  Kirke (Lair:5)
  2 fenstrider witches (Swamp:1)
  4 bunyips
  Snorg (D:13)
  The ghost of Anon1729 the Unseen, a journeyman KoBr of Wu Jian (D:15)
  4 eleionomae
  Josephine (D:10)
  8 hydras
  An ice dragon (D:13)
  Harold (D:8)
  Fannar (D:10)
  6 boulder beetles
  3 ghost crabs
  2 catoblepae
  3 centaur warriors
  Erica (D:10)
  2 ogre magi
  4 death yaks
  8 alligators
  14 two-headed ogres
  3 orc high priests (Orc:2)
  A deep elf knight (D:15)
  A fire crab (Lair:6)
  5 skeletal warriors (D:13)
  2 goliath frogs
  2 swamp dragons
  A death drake (Swamp:2)
  2 spriggan druids
  4 bog bodies
  4 unseen horrors
  3 lindwurms
  An orc knight (Orc:2)
  5 orc sorcerers
  3 oklob plants
  3 deep elf pyromancers
  3 cyclopes
  5 slime creatures (D:14)
  5 will-o-the-wisps
  3 manticores
  35 elephants
  2 centaur zombies
  A molten gargoyle (Lair:3)
  4 black mambas
  4 gargoyles
  11 cane toads
  Psyche (D:9)
  2 demonic crawlers (D:13)
  A kobold demonologist (D:15)
  10 komodo dragons
  6 rime drakes
  A freezing wraith (D:14)
  A tengu conjurer (D:15)
  An efreet (D:15)
  3 trolls
  3 meliai (Lair:5)
  A polar bear (Lair:6)
  A queen bee (Lair:5)
  7 hornets
  5 tyrant leeches
  Grinder (D:5)
  9 blink frogs
  A meliai (shapeshifter) (D:15)
  2 dream sheep (Lair:6)
  50 yaks
  7 spriggans
  A spriggan (shapeshifter) (D:15)
  Sigmund (D:3)
  A shadow (D:14)
  7 wyverns
  5 wraiths
  A hog (Lair:4)
  3 basilisks
  A fire elemental (Lair:3)
  2 humans (Lair:5)
  12 vampire mosquitoes
  Menkaure (D:4)
  10 swamp worms
  The ghost of funkygono the Shield-Bearer, an amateur GrFi (D:3)
  5 nagas (Lair:3)
  An acid dragon (D:15)
  3 wargs (Orc:1)
  A soldier ant (shapeshifter) (D:14)
  21 water moccasins
  3 swamp drakes
  24 orc warriors
  2 ice beasts
  4 black bears
  6 sky beasts
  15 ogres
  4 necrophages
  13 wolves
  16 centaurs
  2 kobold brigands
  3 gnoll sergeants (D:8)
  17 bullfrogs
  A wyvern zombie (D:9)
  6 scorpions
  37 killer bees
  9 wights
  An electric eel (Lair:3)
  6 howler monkeys
  4 jellies
  12 hounds
  25 orc priests
  5 centaur skeletons
  5 gnoll shamans
  4 iguanas
  21 orc wizards
  6 worker ants
  A killer bee zombie (D:7)
  2 mummies (Ossuary)
  2 hound zombies
  A howler monkey zombie (D:6)
  A howler monkey skeleton (D:7)
  13 adders
  36 gnolls
  3 white imps
  6 adder zombies
  2 adder skeletons
  6 worms
  2 dart slugs
  5 leopard geckos
  79 orcs
  A ball python (D:3)
  11 bats
  3 giant cockroaches
  4 gnoll zombies (Ossuary)
  6 goblins
  5 hobgoblins
  17 jackals
  20 kobolds
  5 quokkas
  A frilled lizard (D:5)
  6 hobgoblin zombies (Ossuary)
  6 kobold zombies (Ossuary)
  A leopard gecko skeleton (D:5)
  A leopard gecko zombie (D:6)
  4 orc zombies (Ossuary)
  4 rats
  A bush (D:6)
878 creatures vanquished.

Vanquished Creatures (others)
  A tengu warrior (D:15)
  A bloated husk (Swamp:1)
  An orc wizard (D:12)
  An orc (Orc:2)
  33 foxfires
  23 fungi
  51 plants
111 creatures vanquished.

Grand Total: 989 creatures vanquished

Notes
Turn   | Place    | Note
-------+----------+-------------------------------------------
     0 | D:1      | HoaS the Demigod Gladiator began the quest for the Orb.
     0 | D:1      | Reached XP level 1. HP: 17/17 MP: 3/3
   155 | D:1      | Reached skill level 3 in Unarmed Combat
   451 | D:1      | Reached XP level 2. HP: 24/24 MP: 4/4
   506 | D:1      | Found Tuoqeise's General Store.
   959 | D:2      | Reached XP level 3. HP: 7/29 MP: 5/5
   980 | D:1      | Reached skill level 4 in Unarmed Combat
  2228 | D:2      | Identified a scroll of acquirement
  2228 | D:2      | Acquired 953 gold pieces
  2472 | D:2      | Reached XP level 4. HP: 32/36 MP: 6/6
  2938 | D:2      | Reached skill level 5 in Unarmed Combat
  3278 | D:3      | Found a runed translucent door.
  3344 | D:3      | Noticed Sigmund
  3350 | D:3      | Noticed funkygono's ghost (amateur GrFi)
  3711 | D:3      | Reached XP level 5. HP: 40/41 MP: 7/7
  4496 | D:3      | Killed Sigmund
  4497 | D:3      | Reached skill level 6 in Unarmed Combat
  4497 | D:3      | Reached XP level 6. HP: 38/48 MP: 8/8
  4624 | D:4      | Found a staircase to the Ecumenical Temple.
  4757 | D:3      | Reached skill level 7 in Unarmed Combat
  4972 | D:4      | Noticed Menkaure
  4983 | D:4      | Killed Menkaure
  5202 | D:4      | Reached XP level 7. HP: 50/53 MP: 9/9
  5876 | D:5      | Entered Level 5 of the Dungeon
  5922 | D:5      | Reached skill level 8 in Unarmed Combat
  6029 | D:5      | Found a sand-covered staircase.
  6035 | Ossuary  | Entered an ossuary
  6641 | D:5      | Noticed Grinder
  6655 | D:5      | Killed Grinder
  6656 | D:5      | Reached skill level 9 in Unarmed Combat
  6656 | D:5      | Reached skill level 1 in Armour
  6830 | D:5      | Reached XP level 8. HP: 46/62 MP: 10/10
  7366 | D:3      | Killed funkygono's ghost
  8852 | D:8      | Reached XP level 9. HP: 70/71 MP: 11/11
  9007 | D:8      | Reached skill level 10 in Unarmed Combat
  9017 | D:8      | Noticed a two-headed ogre
  9236 | D:7      | Killed a two-headed ogre
  9295 | D:8      | Reached skill level 5 in Fighting
  9323 | D:8      | Reached skill level 5 in Dodging
  9363 | D:8      | Reached skill level 5 in Armour
  9729 | D:8      | Noticed Harold
  9939 | D:8      | Killed Harold
  9940 | D:8      | Reached XP level 10. HP: 38/81 MP: 13/13
  9952 | D:8      | Reached skill level 11 in Unarmed Combat
 10307 | D:9      | Noticed Psyche
 10307 | D:9      | Noticed a two-headed ogre
 10336 | D:9      | You fall into a shaft and drop 3 floors!
 10397 | D:12     | Acquired 715 gold pieces
 10676 | D:10     | Entered Level 10 of the Dungeon
 10828 | D:9      | Killed a two-headed ogre
 10857 | D:9      | Killed Psyche
 11374 | D:9      | Reached XP level 11. HP: 83/91 MP: 14/14
 11395 | D:9      | Reached skill level 12 in Unarmed Combat
 11446 | D:10     | Noticed Erica
 11668 | D:10     | Killed Erica
 11681 | D:10     | Noticed Fannar
 11699 | D:10     | Killed Fannar
 11940 | D:10     | Noticed Josephine
 11968 | D:10     | Killed Josephine
 12648 | D:11     | Found a staircase to the Lair.
 13197 | D:11     | Found a staircase to the Orcish Mines.
 13355 | D:11     | Killed an unseen horror
 13555 | Lair:1   | Entered Level 1 of the Lair of Beasts
 13555 | Lair:1   | Noticed a five-headed hydra
 13577 | D:11     | Killed a five-headed hydra
 13607 | D:11     | Reached skill level 13 in Unarmed Combat
 13996 | Lair:1   | Reached XP level 12. HP: 101/101 MP: 15/15
 14596 | Lair:2   | Found a staircase to the Swamp.
 15268 | Lair:2   | Noticed an eight-headed hydra
 15285 | Lair:2   | Killed an eight-headed hydra
 15493 | Lair:3   | Reached skill level 14 in Unarmed Combat
 16075 | Lair:3   | Found a staircase to the Snake Pit.
 16706 | Lair:4   | Noticed a six-headed hydra
 16719 | Lair:4   | Killed a six-headed hydra
 16720 | Lair:4   | Reached XP level 13. HP: 111/111 MP: 16/16
 17463 | Lair:5   | Noticed Kirke
 17517 | Lair:5   | Killed Kirke
 18192 | Lair:5   | Reached skill level 15 in Unarmed Combat
 18585 | Lair:5   | Reached skill level 10 in Armour
 18627 | Lair:5   | Found a staircase to the Slime Pits.
 18701 | Lair:5   | Reached skill level 10 in Fighting
 18701 | Lair:5   | Reached skill level 10 in Dodging
 18798 | Lair:6   | Entered Level 6 of the Lair of Beasts
 19406 | Lair:5   | Reached XP level 14. HP: 121/121 MP: 17/17
 20430 | Lair:6   | Identified Wunach's Handbook of Transformation and the
                  | Mountains
 21238 | Orc:1    | Entered Level 1 of the Orcish Mines
 21432 | Orc:1    | Reached skill level 16 in Unarmed Combat
 21674 | Orc:2    | Entered Level 2 of the Orcish Mines
 22019 | Orc:2    | Found a staircase to the Elven Halls.
 22408 | Orc:2    | Found Weirirur's General Store.
 22408 | Orc:2    | Found Vehan's Assorted Antiques.
 22473 | Orc:2    | Paralysed by an orc sorcerer for 3 turns
 22646 | Orc:2    | Found Qeosuab's Book Boutique.
 22649 | Orc:2    | Found Wuischuury's Antique Weapon Shop.
 22946 | Orc:2    | Bought a scroll of teleportation for 48 gold pieces
 23082 | Orc:1    | Found Polly's Antique Weapon Boutique.
 23240 | Orc:2    | Bought a manual of Unarmed Combat for 1656 gold pieces
 23784 | D:13     | Found Dumaessa's Distillery.
 23792 | D:13     | Bought a potion of berserk rage for 85 gold pieces
 23792 | D:13     | Bought a potion of haste for 170 gold pieces
 23925 | D:13     | Noticed Snorg
 23967 | D:13     | Killed Snorg
 24367 | D:14     | Found a flagged portal.
 24374 | Bailey   | Entered a bailey
 25330 | D:14     | Noticed Frances
 25348 | D:14     | Killed Frances
 25469 | D:13     | Reached XP level 15. HP: 67/130 MP: 18/18
 26048 | D:14     | Found a gate to the Vaults.
 26201 | D:15     | Entered Level 15 of the Dungeon
 26440 | D:14     | Reached skill level 17 in Unarmed Combat
 26713 | D:15     | Found a portal to a secret trove of treasure.
 26980 | D:15     | Found a runed translucent door.
 26980 | D:15     | Noticed Anon1729's ghost (journeyman KoBr)
 27231 | D:15     | Found a staircase to the Depths.
 27353 | D:15     | Killed Anon1729's ghost
 27499 | Swamp:1  | Entered Level 1 of the Swamp
 27655 | Swamp:1  | Found a runed translucent door.
 27657 | Swamp:1  | Noticed Tassujicw's ghost (adept GrBe)
 27657 | Swamp:1  | Noticed a tentacled monstrosity
 27658 | Swamp:1  | Identified the +8 trident "Worm's Wrath" {vamp, +Fly Will+
                  | SInv}
 27769 | Swamp:1  | Acquired 527 gold pieces
 27827 | Swamp:1  | Noticed a fenstrider witch
 27830 | Swamp:1  | Paralysed by a fenstrider witch for 7 turns
 27839 | Swamp:1  | Killed a fenstrider witch
 28482 | Swamp:2  | Noticed a fenstrider witch
 28542 | Swamp:1  | Paralysed by a fenstrider witch for 6 turns
 28555 | Swamp:1  | Killed a fenstrider witch
 28948 | Swamp:2  | HP: 3/135 [spriggan rider/+0 spear (17)]
 29439 | Swamp:2  | Reached XP level 16. HP: 143/143 MP: 19/19
 29804 | Swamp:3  | Reached skill level 18 in Unarmed Combat
 29992 | Swamp:3  | Noticed Nikola
 30311 | Swamp:3  | HP: 3/144 [Nikola/chain lightning (34)]
 30311 | Swamp:3  | Killed from afar by Nikola

Illustrated notes

Levels and vault maps discovered:
D:1:      lordsloth_arrival_two_stooges, layout_loops_ring, serial_shops, shop,
          st_stairs_12
D:2:      layout_basic, tso_oasis_becter
D:3:      layout_rooms, nicolae_overflow_crystal_walls,
          ebering_ghost_reflecting_pool, uniq_sigmund
D:4:      layout_cave_pods, lemuel_doored_altar, overflow_temple_1_default,
          minmay_temple_entry_statues_fountains, uniq_menkaure
D:5:      layout_loops_ring, kennysheep_mini_moat, nicolae_ossuary_entry_plus,
          uniq_grinder
D:6:      layout_basic, fedhas_altar_decomposition
D:7:      layout_loops_ring, minivault_14
D:8:      layout_cave_pools, nicolae_gozag_seed_capital, serial_gnoll_camp,
          gnoll_camp_mini_loothouse, gnoll_camp_mini_basic,
          gnoll_camp_medium_01, gnoll_camp_mini_basic, gnoll_camp_mini_basic,
          gnoll_camp_medium_02, minmay_misc_feat_room, uniq_harold
D:9:      layout_rooms, minitemple, uniq_psyche
D:10:     layout_basic, basic_altar, kennysheep_crisscross, uniq_fannar,
          uniq_josephine, uniq_erica
D:11:     layout_roguey, dpeg_oklobed_lair, david_orc_1_choice,
          portal_ice_cave_entry_pillars_2
D:12:     layout_rooms
D:13:     dragon1_lemuel, layout_long_grid, serial_shops, shop,
          nrook_pool_corridor, uniq_snorg
D:14:     layout_irregular_city, david_vaults_4, enter_bailey_2,
          einodemon_crawler_minivault, uniq_frances
D:15:     hangedman_depths_entry_civil_slaughter, layout_rooms,
          chequers_serial_rivers_micro_c, enter_trove_1,
          hellmonk_ghost_happy_afterlife
Lair:1:   layout_misc_corridors, basic_altar, grunt_megastairs_2
Lair:2:   layout_cave_pods, skrybe_swamp_entry_bodies
Lair:3:   layout_gridlike, minmay_snake_entry_guardpost_medium,
          minmay_stone_trees_medium, infiniplex_staircase_pool_2,
          serial_bayou_shore_a
Lair:4:   layout_cave_pods
Lair:5:   regret_index_wax_grids, layout_regular_city,
          minmay_slime_entry_oklob_enclosed, basic_altar, uniq_kirke
Lair:6:   hangedman_lair_in_review, layout_cave_shapes,
          chequers_serial_rivers_small_3, infiniplex_staircase_pool
Swamp:1:  layout_basic_swamp, ebering_ghost_funeral_grove,
          nicolae_swamp_bean_lake
Swamp:2:  layout_falls_marsh, evilmike_swamp_ruin_wall, swamp_pool4
Swamp:3:  layout_basic_swamp, evilmike_swamp_ruin_rubble_1, uniq_nikola
Orc:1:    layout_caves, serial_shops, nicolae_shop_waterfront
Orc:2:    st_orc_mages, layout_caves, nicolae_orc_lava_tube, rock_pile

Skill      XL: |  1  2  3  4  5  6  7  8  9 10 11 12 13 14 15 16 |
---------------+-------------------------------------------------+-----
Unarmed Combat | 3 4 5 6 7 9 10 11 13 14 15 16 17 18 | 18.0
Fighting       | 2 4 5 6 7 9 10 11 13 | 13.4
Armour         | 2 4 5 6 7 9 10 11 13 | 13.4
Dodging        | 3 4 5 6 7 9 10 11 13 | 13.5
Throwing       | |  1.7

Action                   |  1- 3 |  4- 6 |  7- 9 | 10-12 | 13-15 | 16-18 || total
-------------------------+-------+-------+-------+-------+-------+-------++-------
Melee: Unarmed           |   182 |   227 |   588 |  1075 |  1960 |   155 ||  4187
       Punch             |     4 |     5 |    31 |   115 |   303 |    36 ||   494
Throw: Throwing net      |       |     4 |     1 |     7 |     3 |       ||    15
       Dart              |       |       |     3 |     1 |       |       ||     4
       Boomerang         |       |       |     2 |       |     3 |       ||     5
       Javelin           |       |       |       |       |     4 |       ||     4
Evoke: Wand              |       |       |       |     7 |     3 |       ||    10
       Lightning rod     |       |       |       |       |     2 |       ||     2
  Use: Scroll            |     5 |     3 |    10 |    16 |    11 |     4 ||    49
       Potion            |     1 |     3 |     1 |     4 |     3 |     3 ||    15
 Stab: Held in net/web   |       |     5 |     2 |     4 |     2 |       ||    13
       Invisible         |       |       |       |     4 |       |       ||     4
       Confused          |       |       |       |       |       |     3 ||     3
Armor: Leather armour    |    15 |       |       |       |       |       ||    15
       Scale mail        |     8 |       |       |   198 |   916 |   129 ||  1251
       Chain mail        |    58 |   112 |    41 |       |       |       ||   211
       Plate armour      |       |       |   275 |   289 |       |       ||   564
Dodge: Dodged            |    84 |    83 |   206 |   514 |  1884 |   179 ||  2950

Table legend: (Time is in decaauts)
 A = Elapsed time spent in this place.
 B = Non-inter-level travel time spent in this place.
 C = Inter-level travel time spent in this place.
 D = Time resting spent in this place.
 E = Time spent auto-exploring this place.
 F = Levels seen in this place.
 G = Mean time per level.
                   A        B        C        D        E       F      G
               +--------+--------+--------+--------+--------+-----+--------+
         Total |  29593 |  28300 |   1293 |   5508 |  15028 |  28 | 1056.9 |
       Dungeon |  16832 |  15996 |    836 |   4055 |   8001 |  15 | 1122.1 |
          Lair |   6945 |   6675 |    270 |    679 |   4127 |   6 | 1157.5 |
         Swamp |   2781 |   2733 |     48 |    511 |   1438 |   3 |  927.0 |
  Orcish Mines |   1951 |   1813 |    138 |     90 |   1096 |   2 |  975.5 |
       Ossuary |    289 |    289 |      0 |    103 |     68 |   1 |  289.0 |
        Bailey |    793 |    793 |      0 |     68 |    296 |   1 |  793.0 |
               +--------+--------+--------+--------+--------+-----+--------+

Top non-repeatable levels by time:
     D:2: 2468 daAuts
  Lair:6: 1652 daAuts
  Lair:5: 1402 daAuts
  Lair:2: 1396 daAuts
   Orc:2: 1387 daAuts
     D:3: 1196 daAuts
     D:8: 1189 daAuts
     D:1: 1172 daAuts
    D:14: 1164 daAuts
    D:11: 1162 daAuts
     D:5: 1134 daAuts
     D:4: 1132 daAuts
    D:13: 1073 daAuts
 Swamp:1: 1051 daAuts
     D:7: 1024 daAuts
